 Dungeon Sprint DCSS version 0.19-b1-5-gdc9fa9d (webtiles) character file.

693 LORDOFBUTT the Unseen (level 7, 0/33 HPs)
             Began as a Spriggan Assassin on Oct 31, 2016.
             Slain by a human (4 damage)
             ... in the Dungeon (Sprint III: "The Ten Rune Challenge").
             The game lasted 00:01:53 (210 turns).

LORDOFBUTT the Unseen (Spriggan Assassin)            Turns: 210, Time: 00:01:54

Health: 0/33       AC:  3    Str: 12    XL:     7   Next: 37%
Magic:  8/8        EV: 17    Int: 12    God:
Gold:   9          SH:  0    Dex: 20    Spells: 0 memorised, 6 levels left

rFire  . . .     SeeInvis +     a - +2 dagger
rCold  . . .     Gourm    .     c - +0 robe
rNeg   . . .     Faith    .     (shield restricted)
rPois  .         Spirit   .     (helmet restricted)
rElec  .         Reflect  .     d - +0 cloak
rCorr  .         Harm     .     (gloves unavailable)
MR     +....     NoTele   +     (boots unavailable)
Stlth  +++++++...               (no amulet)
                                (no ring)
                                (no ring)

@: mighty, exhausted, slowed, quick
A: unfitting armour, see invisible, herbivore 3, speed 3, slow metabolism 2
a: no special abilities


You were in the Dungeon.
You were not hungry.

You visited 1 branch You collected 9 gold pieces.

Inventory:

Hand Weapons
 a - a +2 dagger (weapon)
 b - a +0 blowgun
Missiles
 e - 3 poisoned needles
Armour
 c - a +0 robe (worn)
 d - a +0 cloak (worn)
Scrolls
 m - a scroll of blinking
 n - 2 scrolls of remove curse {unknown}
 p - a scroll of immolation {unknown}
 q - 3 scrolls of identify {unknown}
 t - a scroll of holy word {unknown}
Potions
 h - 2 potions of curing
 i - 2 potions of heal wounds
 j - a potion of haste
 k - 2 potions of magic
 o - 2 potions of mutation {unknown}
 s - 4 potions of cure mutation
Books
 f - a book of Cantrips

   Spells                             Type                      Level
   a - Confusing Touch                Hexes                        1
   b - Animate Skeleton               Necromancy                   1
   c - Summon Small Mammal            Summoning                    1
   d - Apportation                    Translocation                1
 v - a book of Frost

   Spells                             Type                      Level
   a - Freeze                         Ice                          1
   b - Throw Frost                    Conjuration/Ice              2
   c - Ozocubu's Armour               Charms/Ice                   3
   d - Throw Icicle                   Conjuration/Ice              4
   e - Summon Ice Beast               Ice/Summoning                4
Comestibles
 g - 2 bread rations
 r - 3 fruits


   Skills:
 - Level 1.5 Fighting
 + Level 10.3 Short Blades
 - Level 2.0 Throwing
 - Level 1.5 Dodging
 * Level 19.2 Stealth


You had 6 spell levels left.
You didn't know any spells.

Dungeon Overview and Level Annotations

Branches:
Dungeon (1/1)

Altars:
Elyvilon
Kikubaaqudgha
Okawaru
Sif Muna
Trog
Uskayaw
Vehumet
Zin
The Shining One
Beogh


Innate Abilities, Weirdness & Mutations

You are very small and have problems with some larger weapons.
You are too small for most types of armour.
You have supernaturally acute eyesight. (SInv)
You are a herbivore.
You cover ground extremely quickly.
You need consume almost no food.


Message History

You feel very mighty all of a sudden. The human closely misses you. x2
You puncture the human!
The human is moderately wounded.
You hit the human.
The human is heavily wounded.
The human hits you.
* * * LOW HITPOINT WARNING * * *
You miss the human.
The human is heavily wounded.
The human hits you but does no damage.
You puncture the human!
The human is severely wounded.
The human hits you but does no damage.
You hit the human.
The human is severely wounded.
You completely miss the human.
The human is severely wounded.
The human hits you.
You die...

▓▓▓▓▓▓ ▓▓▓ .....♣
♣.######### ..[..♣
♣.#___#__(# .....♣
♣♣.#)..#__) ....≈♣
♣♣..###'#(###+##
...≈≈♣♣♣...#...p......#
..≈≈≈≈♣♣...'.⌠..@.....#
..≈≈≈≈≈≈♣♣.#...######+#
.≈≈≈≈≈≈....#.⌠.#
.≈≈≈≈≈.....#...#
.≈≈≈.......#'###
...........#)).#
.†.........#___#
▓▓▓▓▓▓▓▓▓▓▓▓▓▓▓▓


You could see a human.

Vanquished Creatures
  A deep elf mage (D)
  A water elemental (D)
  Crazy Yiuf (D)
  A wizard (D)
  2 humans (D)
  A kobold demonologist (D)
  4 rats (D)
11 creatures vanquished.

Vanquished Creatures (others)
  A yaktaur (D)
  5 hellions (D)
  A plant (D)
7 creatures vanquished.

Grand Total: 18 creatures vanquished

Notes
Turn   | Place    | Note
-------+----------+-------------------------------------------
     0 | D        | LORDOFBUTT the Spriggan Assassin began the quest for the Orb.
     0 | D        | Reached XP level 1. HP: 10/10 MP: 2/2
     4 | D        | Reached skill level 6 in Stealth
    48 | D        | Reached skill level 9 in Stealth
    48 | D        | Reached XP level 2. HP: 9/14 MP: 3/3
    58 | D        | Noticed Crazy Yiuf
    68 | D        | Killed Crazy Yiuf
    68 | D        | Reached skill level 10 in Stealth
    68 | D        | Reached XP level 3. HP: 13/18 MP: 4/4
    98 | D        | Noticed a water elemental
   101 | D        | Killed a water elemental
   101 | D        | Reached skill level 12 in Stealth
   101 | D        | Reached XP level 4. HP: 18/22 MP: 5/5
   103 | D        | Found a glowing silver altar of Zin.
   104 | D        | Found a glowing golden altar of the Shining One.
   104 | D        | Found a white marble altar of Elyvilon.
   104 | D        | Noticed a deep elf mage
   106 | D        | Killed a deep elf mage
   106 | D        | Reached skill level 18 in Stealth
   106 | D        | Reached XP level 5. HP: 20/25 MP: 6/6
   106 | D        | Reached XP level 6. HP: 25/30 MP: 7/7
   106 | D        | Reached XP level 7. HP: 27/33 MP: 8/8
   116 | D        | Found a radiant altar of Vehumet.
   116 | D        | Found a deep blue altar of Sif Muna.
   116 | D        | Found an ancient bone altar of Kikubaaqudgha.
   121 | D        | Killed a yaktaur
   148 | D        | Found a hide-covered altar of Uskayaw.
   148 | D        | Found a roughly hewn altar of Beogh.
   148 | D        | Found an iron altar of Okawaru.
   148 | D        | Found a bloodstained altar of Trog.
   148 | D        | Noticed a human
   148 | D        | Noticed a human
   164 | D        | Killed a hellion
   164 | D        | Killed a hellion
   166 | D        | Killed a hellion
   167 | D        | Killed a hellion
   175 | D        | HP: 1/33 [human (7)]
   181 | D        | Killed a human
   181 | D        | Reached skill level 10 in Short Blades
   181 | D        | Reached skill level 19 in Stealth
   182 | D        | Killed a hellion
   210 | D        | Slain by a human

Skill      XL: |  1  2  3  4  5  6  7 |
---------------+----------------------+-----
Stealth        | 9 10 12 18 19 | 19.2
Short Blades   | 4 6 9 10 | 10.3
Fighting       | |  1.5
Throwing       | |  2.0
Dodging        | |  1.5

Action                   |  1- 3 |  4- 6 |  7- 9 || total
-------------------------+-------+-------+-------++-------
Melee: Dagger            |    11 |     1 |    16 ||    28
 Fire: Blowgun           |     2 |       |    10 ||    12
  Use: Potion            |       |       |     3 ||     3
 Stab: Sleeping          |     5 |     1 |       ||     6
Armor: Robe              |     1 |       |     2 ||     3
Dodge: Dodged            |     3 |       |     5 ||     8
